 Dungeon Crawl Stone Soup version 0.23.0-3-gf3c87f2 (webtiles) character file.

Game seed: 14901576864390907647

91 Borgoz the Cutter (level 4, -3/39 HPs)
             Began as a Ghoul Monk on Feb 22, 2019.
             Was a Believer of Ashenzari.
             Slain by a worker ant (6 damage)
             ... on level 2 of the Dungeon.
             The game lasted 00:04:34 (2023 turns).

Borgoz the Cutter (Ghoul Monk)                      Turns: 2023, Time: 00:04:35

Health: -3/39      AC:  3    Str: 14    XL:     4   Next: 59%
Magic:  3/3        EV:  9    Int:  6    God:    Ashenzari [**....]
Gold:   128        SH:  0    Dex: 11    Spells: 3/3 levels left

rFire    . . .     SeeInvis .   a - +1 dagger (speed)
rCold    + . .     Gourm    .   (no shield)
rNeg     + + +     Faith    .   n - +0 leather armour
rPois    ∞         Spirit   .   (no helmet)
rElec    .         Reflect  .   (no cloak)
rCorr    .         Harm     .   (no gloves)
MR       +....                  (no boots)
Stlth    ++........             (no amulet)
HPRegen  0.00/turn              h - ring of protection from magic
MPRegen  0.08/turn              j - -3 ring of evasion (curse)

@: rotting
A: rotting body, claws 1, carnivore, cold resistance 1, negative energy
resistance 3, inhibited regeneration, torment resistance, unbreathing
a: Curse Item, Scrying, Renounce Religion


You were on level 2 of the Dungeon.
You worshipped Ashenzari.
Ashenzari was pleased with you.
You were not hungry.

You visited 1 branch of the dungeon, and saw 3 of its levels.

You collected 128 gold pieces.

Inventory:

Hand Weapons
 a - a +1 dagger of speed (weapon)
Armour
 b - a +1 scale mail of fire resistance
 k - a +0 shield
 n - a +0 leather armour (worn)
Jewellery
 h - a ring of protection from magic (left claw)
 j - a cursed -3 ring of evasion (right claw)
Wands
 s - a wand of polymorph (8)
Scrolls
 g - 2 scrolls of remove curse
 l - a scroll of teleportation {unknown}
 q - 2 scrolls of noise {unknown}
 r - a scroll of immolation {unknown}
Potions
 d - a potion of might {unknown}
 e - a potion of haste {unknown}
 f - a potion of degeneration {unknown}
 i - a potion of flight {unknown}
 m - a potion of mutation {unknown}
 o - a potion of lignification {unknown}
Comestibles
 c - 4 rations
 p - a chunk of flesh


   Skills:
 + Level 3.6 Fighting
 + Level 3.8 Short Blades
 + Level 3.3 Dodging
 + Level 2.7 Stealth


You had 3 spell levels left.
You didn't know any spells.
Your spell library was empty.

Dungeon Overview and Level Annotations

Branches:
Dungeon (3/15)

Altars:
Ashenzari
Cheibriados
Elyvilon
Gozag
Makhleb
Vehumet
Xom
Zin


Innate Abilities, Weirdness & Mutations

Your body is rotting away.
You thrive on raw meat.
You are immune to poison.
You have sharp fingernails.
You are carnivorous and can eat meat at any time.
Your flesh is cold resistant. (rC+)
You are immune to negative energy. (rN+++)
You do not regenerate when monsters are visible.
You are immune to unholy pain and torment.
You can survive without breathing.


Message History

The worker ant completely misses you. The worker ant bites you.
* * * LOW HITPOINT WARNING * * *
There is a stone staircase leading up here.
The worker ant completely misses you.
You climb upwards.
There is a stone staircase leading down here.
Eat one of 4 chunks of flesh? (ye/n/q)
You eat one of the 4 chunks of flesh.
This raw flesh tastes great!
The worker ant bites you but does no damage.
The worker ant bites you!
* * * LOW HITPOINT WARNING * * *
Eat one of 3 chunks of flesh? (ye/n/q)
You eat one of the 3 chunks of flesh.
This raw flesh tastes great!
The worker ant bites you!
* * * LOW HITPOINT WARNING * * *
Eat one of 2 chunks of flesh? (ye/n/q)
You eat one of the 2 chunks of flesh.
This raw flesh tastes great!
The worker ant bites you.
You die...

########## #### #######
#........# ...# #.....#
###........# ...# #.....#
#.#........# ...# #.....#
#.'........# ...#####.....#
#.#.....#### *
......##.....###.#.....#*##8***
.......+.....'.a@#.....##8.= ,
...##.##.....#.........##..., ,
#..##........'......(..#_... ,
...#####^....#.........##....,
#............#.........##8... ,
#............#.........# ##8# *
.............#.........##########
.#+#####.....#####..............#
.#...÷.........# #...............


You could see a worker ant.

Vanquished Creatures
  3 adders (D:2)
  2 worms (D:2)
  3 dart slugs
  A leopard gecko (D:1)
  An orc (D:3)
  A giant cockroach (D:1)
  7 goblins
  3 hobgoblins
  10 jackals
  4 kobolds
  A ball python (D:1)
  4 bats
  6 frilled lizards
  4 rats
50 creatures vanquished.

Vanquished Creatures (others)
  A ball python (D:1)
  A bat (D:1)
2 creatures vanquished.

Grand Total: 52 creatures vanquished

Notes
Turn   | Place    | Note
-------+----------+-------------------------------------------
     0 | D:1      | Borgoz the Ghoul Monk began the quest for the Orb.
     0 | D:1      | Reached XP level 1. HP: 19/19 MP: 0/0
    70 | D:1      | Reached XP level 2. HP: 3/26 MP: 1/1
   845 | D:2      | Reached XP level 3. HP: 26/30 MP: 2/2
  1021 | D:2      | Found a white marble altar of Elyvilon.
  1027 | D:2      | Found a shattered altar of Ashenzari.
  1027 | D:2      | Found an opulent altar of Gozag.
  1027 | D:2      | Found a burning altar of Makhleb.
  1032 | D:2      | Found a snail-covered altar of Cheibriados.
  1037 | D:2      | Became a worshipper of Ashenzari the Shackled
  1037 | D:2      | Reached * piety under Ashenzari
  1037 | D:2      | Reached ** piety under Ashenzari
  1109 | D:2      | Found a glowing silver altar of Zin.
  1109 | D:2      | Noticed an angel
  1113 | D:2      | Found a shimmering altar of Xom.
  1433 | D:2      | Reached XP level 4. HP: 31/38 MP: 3/3
  1522 | D:2      | Found a radiant altar of Vehumet.
  2022 | D:2      | HP: 1/39 [worker ant (7)]
  2023 | D:2      | Slain by a worker ant

Skill      XL: |  1  2 |
---------------+-------+-----
Short Blades   | 3 |  3.8
Dodging        | 3 |  3.3
Fighting       | |  3.6
Stealth        | |  2.7

Action                   |  1- 3 |  4- 6 || total
-------------------------+-------+-------++-------
Melee: Short sword       |    74 |       ||    74
       Dagger            |    81 |   103 ||   184
  Use: Scroll            |     2 |       ||     2
       Potion            |     1 |       ||     1
 Stab: Sleeping          |     3 |     2 ||     5
  Eat: Chunk             |    19 |     8 ||    27
Armor: Robe              |    19 |     4 ||    23
       Leather armour    |       |    18 ||    18
Dodge: Dodged            |    96 |    37 ||   133
